AoeStats
← Hößi

Scandinavia

510511605Analyzed
1v1 RM · 13h ago on Oct 1, 2026· 24m 7s· 2 players
Game mode
Random Map
Map size
Tiny (2 player)
Population
200
Speed
Normal
Resources
Standard
Victory
Conquest
Starting age
Dark Age
Ending age
Imperial Age
RankedLock teamsTeams togetherTeam positionsShared explorationLock speedFull tech treeHidden civsTurbo modeCheats
Victory
Defeat
🇩🇪 Vikings · Germany
1379
+14
🇬🇧 Tupi · United Kingdom
1325
-14
Hößi
10:58 Feudal Age
10:40 Loom
11:27 Double-Bit Axe
17:18 Castle Age
18:05 Scale Mail Armor
18:08 Fletching
19:08 Town Watch
21:43 Squires
22:30 Forging
NastyHigh
10:18 Feudal Age
8:34 Loom
14:34 Castle Age
13:40 Scale Mail Armor
14:30 Arson
15:37 Chain Mail Armor
15:47 Squires
21:43 Forging
Connection lost

Rejoining the realm…

Still unreachable

The connection could not be restored.

Session expired

The server has moved on; the page needs a fresh start.